 Dungeon Crawl Stone Soup version 0.29.1-2-gbd0b4ee654 (webtiles) character file.

Game seed: 3893049099536200067

18 Lutefisk the Digger (level 3, -1/29 HPs)
             Began as a Meteoran Earth Elementalist on Oct 29, 2022.
             Slain by a gnoll
             ... wielding a +0 club
              (4 damage)
             ... on level 2 of the Dungeon.
             The game lasted 00:03:40 (431 turns).

Lutefisk the Digger (Meteoran Earth Elementalist)    Turns: 431, Time: 00:03:41

Health: -1/29      AC:  2    Str:  9    XL:     3   Next: 5%
Magic:  3/8        EV: 12    Int: 18    God:
Gold:   87         SH:  0    Dex: 15    Spells: 6/7 levels left

rFire   . . .      SeeInvis .   (no weapon)
rCold   . . .      Faith    .   (no shield)
rNeg    . . .      Spirit   .   a - +0 robe
rPois   .          Reflect  .   (no helmet)
rElec   .          Harm     .   (no cloak)
rCorr   .          Rampage  .   (no gloves)
Will    .....                   (no boots)
Stlth   +.........              (no amulet)
HPRegen 0.09/turn               (no ring)
MPRegen 0.11/turn               (no ring)

@: glowing
A: sense surroundings 1, otherworldly, glowing, explore regen
a: no special abilities


You were on level 2 of the Dungeon.
You visited 1 branch of the dungeon, and saw 2 of its levels.

You collected 87 gold pieces.

Inventory:

Hand Weapons
 c - a +0 dagger
 i - a +0 club
Armour
 a - a +0 robe (worn)
Scrolls
 d - a scroll of enchant armour {unknown}
 f - 3 scrolls of identify {unknown}
 h - 2 scrolls of acquirement {unknown}
Potions
 b - a potion of magic
 e - 2 potions of curing {unknown}
 g - 2 potions of berserk rage {unknown}


   Skills:
 * Level 2.0 Fighting
 - Level 2.4 Dodging
 - Level 1.4 Stealth
 - Level 2.6 Spellcasting
 - Level 1.2 Transmutations
 - Level 4.0 Earth Magic


You had 6 spell levels left.
You knew the following spells:

 Your Spells              Type           Power      Damage    Failure   Level
a - Sandblast             Erth           32%        2d9       3%          1

Your spell library contained the following spells:

 Spells                   Type           Power      Damage    Failure   Level
 Passwall                 Tmut/Erth      9%         N/A       9%          2
 Stone Arrow              Conj/Erth      18%        3d8       22%         3
 Petrify                  Tmut/Erth      11%        N/A       50%         4


Dungeon Overview and Level Annotations

Branches:
Dungeon (2/15) Zot: 754

Altars:


Innate Abilities, Weirdness & Mutations

You passively map a small area around you.
You are easily found by Zot.
You glow in the dark.
You regain HP and MP as you explore.


Message History

The gnoll hits you with a +0 club.
Casting: Sandblast (safe; 3% risk of failure)
Confirm with . or Enter, or press ? or * to list all spells.
Aiming: Sandblast (safe; 3% risk of failure)
Press: ? - help, Shift-Dir - straight line, f/p - gnoll
Aim: a gnoll, wielding a +0 club and wearing a +0 ring mail (moderately wounded, 87% to hit)
The blast of sand hits the gnoll but does no damage.
The gnoll is moderately wounded.
The gnoll misses you. The gnoll hits you with a +0 club.
Casting: Sandblast (safe; 3% risk of failure)
Confirm with . or Enter, or press ? or * to list all spells.
Aiming: Sandblast (safe; 3% risk of failure)
Press: ? - help, Shift-Dir - straight line, f/p - gnoll
Aim: a gnoll, wielding a +0 club and wearing a +0 ring mail (moderately wounded, 87% to hit)
The blast of sand hits the gnoll but does no damage.
The gnoll is moderately wounded.
The gnoll hits you with a +0 club!
Casting: Sandblast (safe; 3% risk of failure)
Confirm with . or Enter, or press ? or * to list all spells.
Aiming: Sandblast (safe; 3% risk of failure)
Press: ? - help, Shift-Dir - straight line, f/p - gnoll
Aim: a gnoll, wielding a +0 club and wearing a +0 ring mail (moderately wounded, 87% to hit)
The blast of sand hits the gnoll but does no damage.
The gnoll is moderately wounded.
A gnoll comes into view. It is wielding a +0 whip.
The gnoll hits you with a +0 club!
* * * LOW HITPOINT WARNING * * *
The gnoll barely misses you.
Casting: Sandblast (safe; 3% risk of failure)
Confirm with . or Enter, or press ? or * to list all spells.
Aiming: Sandblast (safe; 3% risk of failure)
Press: ? - help, Shift-Dir - straight line, f/p - gnoll
Aim: a gnoll, wielding a +0 club and wearing a +0 ring mail (moderately wounded, 87% to hit)
The blast of sand hits the gnoll but does no damage.
The gnoll is moderately wounded.
The gnoll shouts!
The gnoll hits you with a +0 club.
* * * LOW HITPOINT WARNING * * *
The gnoll attacks as you move away! The gnoll hits you with a +0 club.
You die...

#.###.#####<# *
#...........# ,
#.....#####.###### ,# *
#.##### #....>.##.# #.#
##........# * #.#
#.###.##.# , #.#
##.###.# ^* *,
#.#########.>.##g##.#
#...........#..@....#
###########....###.g....
####.# ...... #.#
*,##### , #.., , * ####
* ,


You could see 2 gnolls.

Vanquished Creatures
  A dart slug (D:1)
  3 ball pythons
  An endoplasm (D:1)
  A giant cockroach (D:1)
  A hobgoblin (D:1)
  3 jackals (D:1)
  A bat (D:2)
  2 goblins (D:1)
  A kobold (D:2)
  A rat (D:1)
15 creatures vanquished.

Notes
Turn   | Place    | Note
-------+----------+-------------------------------------------
     0 | D:1      | Lutefisk the Meteoran Earth Elementalist began the quest
                  | for the Orb.
     0 | D:1      | Reached XP level 1. HP: 14/14 MP: 5/5
    27 | D:1      | Reached XP level 2. HP: 22/22 MP: 1/6
    32 | D:1      | Reached skill level 1 in Fighting
    70 | D:1      | Reached skill level 4 in Earth Magic
   221 | D:1      | Reached XP level 3. HP: 29/29 MP: 5/8
   431 | D:2      | Slain by a gnoll

Illustrated notes

Levels and vault maps discovered:
D:1:      nicolae_arrival_somewhat_less_tricky_arrival, layout_basic,
          minivault_11, minmay_distorted
D:2:      layout_loops_ring, grunt_ministairs_8, uniq_sigmund

Skill      XL: |  1  2 |
---------------+-------+-----
Fighting       | 2 |  2.0
Earth Magic    | 4 |  4.0
Dodging        | |  2.4
Stealth        | |  1.4
Spellcasting   | |  2.6
Transmutations | |  1.2

Action                   || total
-------------------------++-------
 Cast: Sandblast         ||    30
Armor: Robe              ||     2
Dodge: Dodged            ||    11
